 Dungeon Crawl Stone Soup version 0.29.1-1-gd02db6906a (webtiles) character file.

Game seed: 152785431387345696

2584 hawla the Arsonist (level 10, -1/106 HPs)
             Began as a Meteoran Fire Elementalist on Oct 6, 2022.
             Was a Follower of Vehumet.
             Slain by a steam dragon (2 damage)
             ... on level 8 of the Dungeon.
             The game lasted 00:23:08 (4420 turns).

hawla the Arsonist (Meteoran Fire Elementalist)     Turns: 4420, Time: 00:23:09

Health: -1/106     AC:  4    Str:  9    XL:     10   Next: 12%
Magic:  7/24       EV: 13    Int: 21    God:    Vehumet [*.....]
Gold:   1407       SH:  0    Dex: 16    Spells: 15/27 levels left

rFire   + + +      SeeInvis .   r - staff of earth
rCold   . . .      Faith    .   (no shield)
rNeg    . . .      Spirit   .   a - +0 robe
rPois   .          Reflect  .   (no helmet)
rElec   .          Harm     .   m - +0 cloak
rCorr   .          Rampage  .   (no gloves)
Will    +....                   c - +0 pair of boots
Stlth   ..........              k - amulet of Kaxt {rF+++ Regen+}
HPRegen 1.07/turn               (no ring)
MPRegen 0.19/turn               (no ring)

@: berserking (expiring), glowing, very quick
A: sense surroundings 2, otherworldly, glowing, explore regen
a: Renounce Religion


You were on level 8 of the Dungeon.
You worshipped Vehumet.
Vehumet was aware of your devotion.
You visited 2 branches of the dungeon, and saw 9 of its levels.
You also visited: Sewer.

You collected 1593 gold pieces.
You spent 186 gold pieces at shops.

Inventory:

Hand Weapons
 o - a +5 flail of holy wrath
 t - a +4 quarterstaff of chaos
Armour
 a - a +0 robe (worn)
 c - a +0 pair of boots (worn)
 m - a +0 cloak (worn)
Magical Staves
 r - a staff of earth (weapon)
Jewellery
 k - the amulet of Kaxt (around neck) {rF+++ Regen+}
   (You found it on level 4 of the Dungeon)

   [amulet of regeneration]

   rF:        It renders you almost immune to fire.
   Regen:     It increases your rate of health regeneration.
Wands
 f - a wand of charming (6)
Scrolls
 n - a scroll of poison {unknown}
 q - a scroll of enchant weapon
 s - a scroll of vulnerability {unknown}
 u - 2 scrolls of identify
Potions
 b - a potion of magic
 d - a potion of cancellation
 e - a potion of mutation {unknown}
 g - a potion of berserk rage
 h - a potion of might
 i - 3 potions of flight {unknown}
 j - 2 potions of lignification {unknown}
 l - 2 potions of curing
 v - 2 potions of ambrosia {unknown}
 x - a potion of brilliance {unknown}


   Skills:
 + Level 1.3 Fighting
 + Level 0.1(1.2) Maces & Flails
 + Level 1.8(1.9) Staves
 + Level 3.7 Dodging
 - Level 1.4 Stealth
 + Level 9.0 Spellcasting
 + Level 5.5 Conjurations
 + Level 10.5 Fire Magic
 + Level 2.3 Earth Magic
 + Level 1.5 Evocations


You had 15 spell levels left.
You knew the following spells:

 Your Spells              Type           Power      Damage    Failure   Level
a - Foxfire               Conj/Fire      100%       2x1d9     1%          1
b - Scorch                Fire           100%       2d10      1%          2
c - Flame Wave            Conj/Fire      43%        2d11      2%          4
d - Stone Arrow           Conj/Erth      78%        3d11      4%          3
e - Passwall              Tmut/Erth      17%        N/A       7%          2

Your spell library contained the following spells:

 Spells                   Type           Power      Damage    Failure   Level
 Conjure Flame            Conj/Fire      43%        6-21      1%          3
 Sandblast                Erth           58%        2d13      2%          1
 Inner Flame              Hex/Fire       31%        N/A       2%          3
 Apportation              Tloc           18%        N/A       7%          1
 Freeze                   Ice            36%        1d6       7%          1
 Necrotise                Necr           36%        1d5       7%          1
 Summon Small Mammal      Summ           36%        N/A       7%          1
 Sublimation of Blood     Necr           9%         N/A       11%         2
 Frozen Ramparts          Ice            18%        1d3       22%         3
 Gell's Gravitas          Tloc           9%         N/A       22%         3
 Ozocubu's Armour         Ice            9%         N/A       22%         3
 Teleport Other           Tloc           9%         N/A       22%         3
 Hailstorm                Conj/Ice       21%        3d6       22%         4
 Petrify                  Tmut/Erth      21%        N/A       41%         4
 Irradiate                Conj/Tmut      10%        3d15      54%         5
 Dispersal                Tloc           4%         N/A       100%        6
 Ozocubu's Refrigeration  Ice            4%         4d8       100%        7


Dungeon Overview and Level Annotations

Branches:
Dungeon (8/15) Zot: 549    Temple (1/1) D:4 Zot: 526   Sewer (visited)
   Lair: D:8-11

Altars:
Ashenzari
Dithmenos
Elyvilon
Fedhas
Gozag
Hepliaklqana
Kikubaaqudgha
Nemelex Xobeh
Qazlal
Sif Muna
Trog
Uskayaw
Vehumet
Wu Jian
Xom
Yredelemnul

Shops:
D:3 ?

Annotations:
D:3 2 transporters, LustLizard's ghost, amateur DsFi
D:6 2 runed translucent doors


Innate Abilities, Weirdness & Mutations

You passively map the area around you.
You are easily found by Zot.
You glow in the dark.
You regain HP and MP as you explore.


Message History

A steam dragon comes into view.
A steam dragon is nearby!
A steam dragon is nearby!
Okay, then.
It was a potion of berserk rage.
A red film seems to cover your vision as you go berserk!
You feel yourself moving faster!
You feel mighty!
The steam dragon hisses angrily.
You feel a strong urge to attack something.
The gnoll sergeant shouts!
The steam dragon bites you.
* * * LOW HITPOINT WARNING * * *
The steam dragon barely misses you.
The water moccasin hisses angrily.
You hit the steam dragon.
The steam dragon is lightly wounded.
The steam dragon breathes steam at you. The ball of steam hits you. You resist.
* * * LOW HITPOINT WARNING * * *
You hit the steam dragon!
The steam dragon is heavily wounded.
The gnoll sergeant hits you from afar with a +0 trident of flaming!
* * * LOW HITPOINT WARNING * * *
The steam dragon barely misses you. The steam dragon claws you.
* * * LOW HITPOINT WARNING * * *
You hit the steam dragon.
The steam dragon is severely wounded.
You hit the steam dragon.
The steam dragon is severely wounded.
The steam dragon breathes steam at you. The ball of steam hits you. You resist.
* * * LOW HITPOINT WARNING * * *
The gnoll sergeant hits you from afar with a +0 trident of flaming!
* * * LOW HITPOINT WARNING * * *
A two-headed ogre comes into view.
It is wielding a +0 giant spiked club and a +0 giant club.
The two-headed ogre shouts in stereo!
The steam dragon bites you.
* * * LOW HITPOINT WARNING * * *
The steam dragon claws you.
You die...

# , .. , , ,* * # , * ... *
*** , ...., ,.., .. , ,
.#.., , #. #.# , * , ..#* *
# #S #.# * .# ,#.#.###.#, *
* ** * .#
#.#...Sg##############
###.#.......D.............
,
...........§@......O...$.,,
, ,~
........)..§.))..........,
, ~
.......)))...§...........
,, ,
...##...).§§.............,,
# .[..)..§§§............ ,
........§§§.....)...... , ~
####.................... ,
** *#....|............... ,
* ...............).....


You could see a two-headed ogre, a steam dragon (catching breath), a water
moccasin and a gnoll sergeant.

Vanquished Creatures
  Prince Ribbit (D:7)
  Sigmund (D:5)
  Pargi (Sewer)
  2 ice beasts (D:6)
  A sky beast (D:7)
  3 orc warriors
  2 black bears (D:7)
  2 centaurs
  A phantom (D:6)
  A bullfrog (D:7)
  2 necrophages
  4 wights (D:7)
  2 howler monkeys
  2 hounds
  A jelly (D:5)
  3 iguanas
  3 orc priests
  Crazy Yiuf (D:3)
  5 orc wizards
  Robin (D:4)
  4 gnolls (D:8)
  4 adders
  3 river rats (D:3)
  2 white imps (D:7)
  An ufetubus (D:4)
  3 worms
  2 dart slugs
  29 orcs
  9 endoplasms
  3 giant cockroaches
  15 goblins
  5 hobgoblins
  4 kobolds
  3 quokkas (D:4)
  9 ball pythons
  12 bats
  4 frilled lizards
  4 rats
  13 bushes (D:6)
168 creatures vanquished.

Vanquished Creatures (collateral kills)
  2 orcs (D:5)
  3 foxfires (D:6)
5 creatures vanquished.

Vanquished Creatures (others)
  176 foxfires
  A plant (D:4)
177 creatures vanquished.

Grand Total: 350 creatures vanquished

Notes
Turn   | Place    | Note
-------+----------+-------------------------------------------
     0 | D:1      | hawla the Meteoran Fire Elementalist began the quest for
                  | the Orb.
     0 | D:1      | Reached XP level 1. HP: 14/14 MP: 5/5
   184 | D:1      | Reached XP level 2. HP: 16/20 MP: 4/6
   187 | D:1      | Learned a level 2 spell: Scorch
   267 | D:1      | Reached skill level 4 in Fire Magic
   364 | D:1      | Reached XP level 3. HP: 26/26 MP: 0/8
   500 | D:1      | Glimpsed the power of Zot.
   907 | D:2      | Noticed a floating eye
   908 | D:2      | Found a faded altar of an unknown god.
   911 | D:2      | Noticed a great orb of eyes
   911 | D:2      | Noticed an eye of devastation
   911 | D:2      | Noticed an eye of devastation
   917 | D:2      | Reached XP level 4. HP: 33/33 MP: 5/10
  1100 | D:2      | Glimpsed the power of Zot.
  1111 | D:3      | Noticed LustLizard's ghost (amateur DsFi)
  1111 | D:3      | Found a transporter.
  1117 | D:3      | Found a transporter.
  1207 | D:3      | Reached XP level 5. HP: 28/38 MP: 3/12
  1212 | D:3      | Learned a level 4 spell: Flame Wave
  1369 | D:3      | Found a glowing drain.
  1373 | Sewer    | Entered a sewer
  1456 | Sewer    | Noticed Pargi
  1460 | Sewer    | Killed Pargi
  1461 | Sewer    | Reached skill level 5 in Fire Magic
  1461 | Sewer    | Reached XP level 6. HP: 39/45 MP: 5/13
  1636 | D:3      | Reached skill level 6 in Fire Magic
  1653 | D:3      | Found Gucautz's Magic Scroll Shop.
  1667 | D:3      | Bought a scroll of teleportation for 36 gold pieces
  1667 | D:3      | Bought a scroll of teleportation for 36 gold pieces
  1667 | D:3      | Bought a scroll of identify for 24 gold pieces
  1667 | D:3      | Bought a scroll of enchant weapon for 90 gold pieces
  1716 | D:3      | Found a bloodstained altar of Trog.
  1800 | D:3      | Glimpsed the power of Zot.
  1816 | D:3      | Reached XP level 7. HP: 50/50 MP: 12/14
  1831 | D:3      | Found a runed translucent door.
  1867 | D:3      | Noticed Crazy Yiuf
  1872 | D:3      | Killed Crazy Yiuf
  1967 | D:4      | Reached skill level 7 in Fire Magic
  2039 | D:4      | Found a staircase to the Ecumenical Temple.
  2045 | Temple   | Entered the Ecumenical Temple
  2135 | D:4      | Reached skill level 1 in Earth Magic
  2135 | D:4      | Reached skill level 1 in Evocations
  2136 | D:4      | Identified the amulet of Kaxt {rF+++ Regen+}
  2209 | D:4      | Noticed Robin
  2214 | D:4      | Killed Robin
  2354 | D:4      | Learned a level 3 spell: Stone Arrow
  2464 | D:4      | Found a radiant altar of Vehumet.
  2469 | D:4      | Glimpsed the power of Zot.
  2478 | D:4      | Became a worshipper of Vehumet
  2518 | D:4      | Glimpsed the power of Zot.
  2541 | D:5      | Entered Level 5 of the Dungeon
  2568 | D:5      | Reached XP level 8. HP: 55/57 MP: 5/16
  2773 | D:5      | Reached skill level 5 in Spellcasting
  3022 | D:5      | Noticed Sigmund
  3026 | D:5      | Killed Sigmund
  3027 | D:5      | Reached skill level 1 in Staves
  3027 | D:5      | Reached skill level 8 in Fire Magic
  3068 | D:5      | Glimpsed the power of Zot.
  3118 | D:5      | Glimpsed the power of Zot.
  3134 | D:6      | Identified a scroll of acquirement
  3134 | D:6      | Acquired 1193 gold pieces
  3180 | D:6      | Found a large runed translucent door.
  3181 | D:6      | Found a large runed translucent door.
  3511 | D:6      | Reached skill level 5 in Conjurations
  3511 | D:6      | Gained mutation: You passively map the area around you.
                  | [Meteoran growth]
  3511 | D:6      | Reached XP level 9. HP: 63/63 MP: 13/19
  3668 | D:6      | Glimpsed the power of Zot.
  3830 | D:7      | Reached skill level 9 in Fire Magic
  3907 | D:7      | Noticed Prince Ribbit
  3919 | D:7      | Killed Prince Ribbit
  3919 | D:7      | Reached * piety under Vehumet
  3919 | D:7      | Offered knowledge of Freeze by Vehumet.
  3923 | D:7      | Learned a level 2 spell: Passwall
  4142 | D:7      | Reached skill level 10 in Fire Magic
  4269 | D:7      | Glimpsed the power of Zot.
  4306 | D:8      | Acquired a book of Frost
  4394 | D:8      | Reached XP level 10. HP: 46/70 MP: 18/23
  4395 | D:8      | Reached skill level 1 in Fighting
  4400 | D:8      | HP: 2/71 [orc warrior/+0 trident (17)]
  4419 | D:8      | HP: 3/106 [gnoll sergeant/+0 trident of flaming (7)]
  4420 | D:8      | Noticed a two-headed ogre
  4420 | D:8      | HP: 1/106 [steam dragon (3)]
  4420 | D:8      | Slain by a steam dragon

Illustrated notes

Levels and vault maps discovered:
D:1:      amcnicky_arrival_blooded_trapdoor, layout_basic, st_stairs_9,
          minmay_heptomino_w4
D:2:      minmay_general_purpose_star, layout_basic,
          hellmonk_ecumenical_altar_watching_god, dreamdust_wishing_well,
          minmay_misc_feat_roman, minmay_stone_trees_large
D:3:      layout_rooms, lemuel_crystal_altar, gammafunk_ghost_mausoleum,
          serial_shops, nicolae_shop_window_shopping, gup_sewer_entry_spiral,
          minmay_snake_closets, uniq_crazy_yiuf_cottage
D:4:      layout_loops_cross, mainiacjoe_overflow_surrounded_room,
          minmay_temple_entry_gardened_gates, uniq_robin
D:5:      layout_cave_pods, uniq_sigmund
D:6:      layout_cave_pods, jmf_multi_god_temple2, nicolae_benzene_ring,
          minmay_hedge_maze, minmay_misc_feat_encased
D:7:      layout_loops_ring, uniq_prince_ribbit1
D:8:      layout_basic, amcnicky_mini_rare_corridor_liquid
Temple:   zaba_magenta_temple

Skill      XL: |  1  2  3  4  5  6  7  8  9 10 |
---------------+-------------------------------+-----
Fire Magic     | 4 5 6 7 8 10 | 10.5
Spellcasting   | 3 4 6 8 9 |  9.0
Conjurations   | 2 3 4 5 |  5.5
Earth Magic    | 1 2 |  2.3
Evocations     | 1 |  1.5
Staves         | 1 |  1.8
Dodging        | 3 |  3.7
Fighting       | 1 |  1.3
Maces & Flails | |  0.1
Stealth        | |  1.4

Action                   |  1- 3 |  4- 6 |  7- 9 | 10-12 || total
-------------------------+-------+-------+-------+-------++-------
Melee: Unarmed           |    13 |    15 |       |       ||    28
       Punch             |       |     1 |       |       ||     1
       Flail             |       |    11 |     3 |       ||    14
       Staff             |       |       |    19 |     4 ||    23
 Cast: Foxfire           |    33 |    34 |    42 |       ||   109
       Scorch            |     7 |    35 |    56 |     2 ||   100
       Stone Arrow       |       |       |     8 |     2 ||    10
       Flame Wave        |       |       |    13 |     2 ||    15
       Passwall          |       |       |     1 |       ||     1
  Use: Scroll            |     1 |     3 |    14 |     1 ||    19
       Potion            |       |       |       |     3 ||     3
Armor: Robe              |     7 |    22 |    17 |     3 ||    49
Dodge: Dodged            |    18 |    32 |    43 |     8 ||   101
